 Dungeon Crawl Stone Soup version 0.31-a0-774-g0d66cbabe8 (webtiles) character file.

Game seed: 534576547557348985

1343 CrazyBamboolord the Firebug (level 8, -3/54 HPs)
             Began as a Demonspawn Fire Elementalist on Sept 17, 2023.
             Killed from afar by a white imp (7 damage)
             ... with a puff of frost
             ... summoned by Eustachio
             ... on level 6 of the Dungeon.
             The game lasted 00:14:16 (6399 turns).

CrazyBamboolord the Firebug (DsFE)                  Turns: 6399, Time: 00:14:17

Health: -3/54      AC:  2    Str:  7 (9)  XL:     8   Next: 35%
Magic:  10/23      EV: 13    Int: 17 (18) God:
Gold:   321        SH:  0    Dex: 11 (14) Spells: 3/16 levels left

rFire   . . .        b - staff of conjuration
rCold   . . .        (no shield)
rNeg    . . .        d - +0 robe
rPois   .            (helmet unavailable)
rElec   .            (no cloak)
rCorr   .            (no gloves)
SInv    .            (no boots)
Will    .....        (no amulet)
Stlth   ++           g - ring of magical power
HPRegen 0.29/turn    (no ring)
MPRegen 0.36/turn

%: no passive effects
@: no status effects
A: horns 3, magic regeneration
a: no special abilities


You were on level 6 of the Dungeon.
You visited 1 branch of the dungeon, and saw 6 of its levels.

You collected 321 gold pieces.

Inventory:

Hand Weapons
 a - a +0 short sword
Armour
 d - a +0 robe (worn)
Magical Staves
 b - a staff of conjuration (weapon)
Jewellery
 g - a ring of magical power (left hand)
Wands
 q - a wand of quicksilver (7)
Scrolls
 e - 4 scrolls of teleportation
 h - 2 scrolls of immolation {unknown}
 j - 2 scrolls of revelation {unknown}
 l - a scroll of enchant weapon {unknown}
 n - a scroll of fog {unknown}
 o - 2 scrolls of noise {unknown}
 r - a scroll of blinking {unknown}
Potions
 c - a potion of cancellation
 f - 2 potions of degeneration
 i - 2 potions of brilliance {unknown}
 k - a potion of magic
 m - a potion of curing {unknown}
 p - 2 potions of mutation {unknown}


   Skills:
 + Level 1.2 Fighting
 * Level 3.9 Dodging
 + Level 3.3 Stealth
 * Level 4.6 Spellcasting
 * Level 4.3 Conjurations
 * Level 1.8 Hexes
 * Level 2.9 Translocations
 * Level 4.8 Fire Magic


You had 3 spell levels left.
You knew the following spells:

 Your Spells              Type           Power      Damage    Failure   Level
a - Foxfire               Conj/Fire      100%       2x1d9     2%          1
b - Scorch                Fire           40%        2d6       3%          2
c - Volatile Blastmotes   Fire/Tloc      34%        2d12      9%          3
d - Flame Wave            Conj/Fire      29%        2d9       22%         4
e - Inner Flame           Hex/Fire       15%        N/A       12%         3

Your spell library contained the following spells:

 Spells                   Type           Power      Damage    Failure   Level
 Magic Dart               Conj           100%       1d8       2%          1
 Call Imp                 Summ           6%         N/A       22%         2
 Poisonous Vapours        Pois/Air       6%         N/A       22%         2
 Sublimation of Blood     Necr           3%         N/A       22%         2
 Wereblood                Tmut           3%         N/A       22%         2
 Mephitic Cloud           Conj/Pois/Air  13%        N/A       24%         3
 Iskenderun's Battlesphe  Conj           28%        2d8       56%         5
 Freezing Cloud           Conj/Ice/Air   6%         6-21      92%         5
 Leda's Unmaking          Conj/Erth      8%         9d2       100%        6
 Spellforged Servitor     Conj/Summ      8%         N/A       100%        7
 Summon Hydra             Summ           1%         N/A       100%        7


Dungeon Overview and Level Annotations

Branches:
Dungeon (6/15)
 Temple: D:4-7

Altars:
Xom

Shops:
D:2 (

Annotations:
D:1 1 exclusion
D:6 Eustachio


Innate Abilities, Weirdness & Mutations

You have a pair of large horns on your head.
You regenerate magic rapidly.


Message History

Casting: Scorch (safe; 3% risk of failure)
Confirm with . or Enter, or press ? or * to list all spells.
You feel a surge of power!
You miscast Foxfire.
You are very lightly contaminated with residual magic.
Nothing appears to happen.
Eustachio hits you with a +0 rapier. The iron imp hits you!
* * * LOW HITPOINT WARNING * * *
Eustachio casts a spell.
The iron imp disappears in a puff of smoke! x2
Casting: Foxfire (safe; 1% risk of failure)
Confirm with . or Enter, or press ? or * to list all spells.
Flames lash the quasit.
The quasit resists.
The quasit is heavily wounded.
The quasit's fire resistance burns away.
The shadow imp shouts, "Turn tail, thou pandering common-kissing giglet!"
Eustachio growls, "To hell with you, honourless miscreant!"
Eustachio casts a spell.
Eustachio blinks!
Casting: Scorch (safe; 3% risk of failure)
Confirm with . or Enter, or press ? or * to list all spells.
Flames lash the quasit.
The quasit is almost dead.
The iguana hisses menacingly.
Unknown command.
Casting: Scorch (safe; 3% risk of failure)
Confirm with . or Enter, or press ? or * to list all spells.
Flames lash the quasit.
You kill the quasit!
The quasit disappears in a puff of smoke!
The white imp gestures at you. The puff of frost hits you!
* * * LOW HITPOINT WARNING * * *
Your magical contamination has completely faded away.
It was a potion of degeneration.
There was something very wrong with that liquid.
You feel weakened.
You feel dopey.
You feel clumsy.
It was a potion of cancellation.
You feel magically purged.
Eustachio casts a spell.
The white imp gestures at you. The puff of frost hits you!
You die...

####.#.#######
...#.#.......#
##.#.#######.# #.#.# #.#
#.#.# #.# #.#.#######.#
#.#.........# #
#.####################..#
#..............@55l.....#
###################@5...#
......... .###...### #.
...# # ####


You could see Eustachio, an iguana, a crimson imp (summoned), a white imp
(summoned) and a shadow imp (summoned).

Vanquished Creatures
  2 steam dragons (D:6)
  2 centaurs
  2 ogres
  2 phantoms (D:5)
  A scorpion (D:4)
  An orc priest (D:4)
  A jelly (D:4)
  A gnoll bouda (D:6)
  4 hounds
  A sleepcap (D:6)
  An iguana (D:5)
  Natasha (D:3)
  An orc wizard (D:2)
  Robin (D:3)
  3 gnolls (D:6)
  6 adders
  3 white imps (D:6)
  An ufetubus (D:5)
  2 worms
  2 dart slugs (D:1)
  11 orcs
  7 ball pythons
  11 endoplasms
  20 goblins
  4 hobgoblins
  6 jackals (D:2)
  6 kobolds
  2 quokkas
  4 bats
  2 frilled lizards (D:2)
  6 rats
117 creatures vanquished.

Vanquished Creatures (collateral kills)
  A foxfire (D:6)
1 creature vanquished.

Vanquished Creatures (others)
  372 foxfires
372 creatures vanquished.

Grand Total: 490 creatures vanquished

Notes
Turn   | Place    | Note
-------+----------+-------------------------------------------
     0 | D:1      | CrazyBamboolord the Demonspawn Fire Elementalist began the
                  | quest for the Orb.
     0 | D:1      | Reached XP level 1. HP: 13/13 MP: 3/3
   231 | D:1      | Discovered your monstrous ancestry.
   231 | D:1      | Gained mutation: You have a pair of small horns on your
                  | head. [demonic ancestry]
   231 | D:1      | Reached XP level 2. HP: 19/19 MP: 3/5
  1134 | D:1      | Learned a level 2 spell: Scorch
  1140 | D:2      | Reached XP level 3. HP: 24/24 MP: 2/6
  1274 | D:2      | Found the +4 consecrated labrys {holy, Valiant Fragile Fly
                  | SInv}
  1411 | D:2      | Found Oluoll's Weapon Shoppe.
  1571 | D:2      | Reached XP level 4. HP: 30/30 MP: 4/8
  2016 | D:2      | Found a shimmering altar of Xom.
  2546 | D:3      | Noticed Robin
  2552 | D:3      | Killed Robin
  2597 | D:3      | Found a faded altar of an unknown god.
  2816 | D:3      | Noticed an ogre
  2823 | D:3      | Killed an ogre
  2824 | D:3      | Gained mutation: You have a pair of horns on your head.
                  | [demonic ancestry]
  2824 | D:3      | Reached XP level 5. HP: 35/35 MP: 9/9
  2969 | D:3      | Learned a level 3 spell: Volatile Blastmotes
  2973 | D:3      | Noticed Natasha
  2979 | D:3      | Killed Natasha
  3095 | D:3      | You fall into a shaft and drop 1 floor!
  3594 | D:4      | Gained mutation: You have a pair of large horns on your
                  | head. [demonic ancestry]
  3594 | D:4      | Reached XP level 6. HP: 41/41 MP: 11/11
  3781 | D:4      | Reached skill level 1 in Translocations
  4408 | D:4      | Learned a level 4 spell: Flame Wave
  4438 | D:5      | Entered Level 5 of the Dungeon
  4444 | D:5      | Reached XP level 7. HP: 30/46 MP: 12/12
  5371 | D:6      | Learned a level 3 spell: Inner Flame
  5426 | D:6      | Noticed a steam dragon
  5431 | D:6      | Killed a steam dragon
  5573 | D:6      | Reached skill level 1 in Hexes
  5573 | D:6      | Gained mutation: You regenerate magic rapidly. [demonic
                  | ancestry]
  5573 | D:6      | Reached XP level 8. HP: 48/53 MP: 14/14
  6089 | D:6      | Reached skill level 1 in Fighting
  6376 | D:6      | Noticed Eustachio
  6399 | D:6      | Killed from afar by a white imp

Illustrated notes

Levels and vault maps discovered:
D:1:      dpeg_arrival_pits, layout_basic, serial_glass, glass_columns_c,
          glass_columns_a, item_on_display_a, feat_on_display
D:2:      layout_loops_ring, basic_altar, serial_shops, shop
D:3:      layout_basic, basic_ecumenical_altar, chequers_serial_rivers_marsh,
          uniq_natasha, uniq_robin
D:4:      layout_basic
D:5:      layout_loops_ring
D:6:      layout_basic, dk_rats_in_the_wall, uniq_eustachio

Skill      XL: |  1  2  3  4  5  6  7  8 |
---------------+-------------------------+-----
Fire Magic     | 3 4 |  4.8
Stealth        | 2 3 |  3.3
Dodging        | 2 3 |  3.9
Conjurations   | 2 3 4 |  4.3
Spellcasting   | 3 4 |  4.6
Translocations | 1 2 |  2.9
Hexes          | 1 |  1.8
Fighting       | 1 |  1.2

Action                     |  1- 3 |  4- 6 |  7- 9 || total
---------------------------+-------+-------+-------++-------
  Melee: Short sword       |    15 |       |       ||    15
         Unarmed           |     1 |       |       ||     1
         Headbutt          |     1 |       |       ||     1
         Punch             |     1 |       |       ||     1
         Staff             |       |     2 |     3 ||     5
   Cast: Foxfire           |    46 |   124 |    59 ||   229
         Scorch            |     2 |    22 |    24 ||    48
         Flame Wave        |       |       |     2 ||     2
    Use: Scroll            |       |     1 |       ||     1
         Potion            |       |       |     2 ||     2
 Armour: Robe              |     6 |    18 |    24 ||    48
  Dodge: Dodged            |    12 |    17 |    17 ||    46

Table legend: (Time is in decaauts)
 A = Elapsed time spent in this place.
 B = Non-inter-level travel time spent in this place.
 C = Inter-level travel time spent in this place.
 D = Time resting spent in this place.
 E = Time spent auto-exploring this place.
 F = Levels seen in this place.
 G = Mean time per level.
                   A        B        C        D        E       F      G
               +--------+--------+--------+--------+--------+-----+--------+
         Total |   6398 |   6222 |    176 |      0 |   5571 |   6 | 1066.3 |
       Dungeon |   6398 |   6222 |    176 |      0 |   5571 |   6 | 1066.3 |
               +--------+--------+--------+--------+--------+-----+--------+

Top non-repeatable levels by time:
     D:4: 1342 daAuts
     D:2: 1330 daAuts
     D:1: 1134 daAuts
     D:6: 1033 daAuts
     D:5: 928 daAuts
     D:3: 629 daAuts
